[ AOE2 MATCH · #507120777 ]
UnrankedJapanese vs Ethiopians
Player's team · LOSS
Rival team · WIN
[ REPLAY ANALYSIS · EXTRACTED FROM THE RECORDED GAME ]
Feudal
9:33
Castle
—
Imperial
—
| APM avg | 20.6 |
| APM peak | 40 |
| eAPM avg | 11.9 |
| Villagers / military | 39 / 7 |
Focus
⚔️ 19.4% · 🌾 80.6%
Militia ×7
Feudal
10:12
Castle
19:52
Imperial
—
| APM avg | 22.3 |
| APM peak | 56 |
| eAPM avg | 11.3 |
| Villagers / military | 34 / 7 |
Focus
⚔️ 14.4% · 🌾 85.6%
Archer ×7
Match map
Initial resources + every placement click. Lines = walls · curves = elevation contours. ◆ gold · ⬟ stone · ● berries · ✦ relic · ◌ wall gap
Your base· Open — unwalled flank
Teare's base· Open — unwalled flank
Smoothed initial terrain · ◌ = detected wall gap · hover for details
Inputs per minute
— andySSJ#7917 - - Teare
Build order — andySSJ#7917
92 actions detected in the replay
| 0:01 | Queue | Villager (Male) ×4 |
| 0:02 | Build | House |
| 0:04 | Build | House |
| 1:32 | Queue | Villager (Male) |
| 1:50 | Build | Lumber Camp |
| 2:07 | Queue | Villager (Male) |
| 2:07 | Queue | Villager (Male) |
| 2:18 | Queue | Villager (Male) |
| 2:42 | Build | House |
| 2:44 | Build | House |
| 2:48 | Queue | Villager (Male) |
| 2:48 | Queue | Villager (Male) |
| 3:09 | Queue | Villager (Male) |
| 3:21 | Build | Mill |
| 3:43 | Queue | Villager (Male) |
| 4:02 | Queue | Villager (Male) |
| 4:53 | Queue | Villager (Male) ×3 |
| 4:53 | Queue | Villager (Male) |
| 5:25 | Queue | Villager (Male) |
| 5:47 | Queue | Villager (Male) |
| 6:03 | Research | Loom |
| 7:20 | Research | Feudal Age |
| 7:33 | Build | Barracks |
| 7:37 | Build | House |
| 8:11 | Build | Mining Camp |
| 8:37 | Queue | Militia |
| 8:37 | Queue | Militia |
| 8:37 | Queue | Militia |
| 8:59 | Queue | Militia |
| 9:13 | Build | Mill |
| 9:33 | Age | Feudal Age |
| 9:37 | Research | Man-at-Arms (upgrade) |
| 9:43 | Queue | Villager (Male) |
| 9:43 | Queue | Villager (Male) |
| 9:54 | Research | Double-Bit Axe |
| 9:59 | Queue | Villager (Male) |
| 10:57 | Queue | Villager (Male) |
| 10:57 | Queue | Villager (Male) |
| 11:00 | Build | Farm |
| 11:01 | Build | Farm |
| 11:39 | Queue | Villager (Male) |
| 12:09 | Queue | Villager (Male) |
| 12:12 | Build | Farm |
| 12:14 | Queue | Militia |
| 12:14 | Queue | Militia |
| 12:21 | Build | Blacksmith |
| 12:22 | Build | House |
| 12:28 | Queue | Militia |
| 12:45 | Build | Watch Tower |
| 12:47 | Queue | Villager (Male) |
| 12:52 | Research | Wheelbarrow |
| 13:22 | Research | Scale Mail Armor |
| 13:45 | Queue | Villager (Male) |
| 13:56 | Build | House |
| 13:57 | Build | House |
| 14:27 | Build | Mining Camp |
| 14:31 | Build | Farm |
| 14:37 | Build | Farm |
| 14:40 | Build | Farm |
| 14:49 | Queue | Villager (Male) |
| 14:49 | Queue | Villager (Male) |
| 14:59 | Build | Market |
| 15:01 | Build | House |
| 15:35 | Build | Mining Camp |
| 15:37 | Queue | Villager (Male) |
| 15:46 | Build | Farm |
| 15:50 | Queue | Villager (Male) |
| 16:03 | Build | Farm |
| 16:04 | Build | Farm |
| 16:13 | Queue | Villager (Male) |
| 16:21 | Build | Palisade Wall |
| 16:39 | Build | Watch Tower |
| 16:43 | Build | Mill |
| 16:55 | Research | Fletching |
| 16:55 | Research | Fletching |
| 17:18 | Queue | Villager (Male) |
| 17:19 | Queue | Villager (Male) |
| 17:37 | Build | Farm |
| 17:38 | Build | Farm |
| 17:42 | Build | Farm |
| 18:04 | Build | Watch Tower |
| 18:09 | Queue | Villager (Male) |
| 18:12 | Build | Farm |
| 18:27 | Queue | Villager (Male) |
| 18:29 | Research | Gold Mining |
| 18:30 | Research | Stone Mining |
| 18:38 | Queue | Villager (Male) |
| 18:41 | Build | Farm |
| 18:48 | Build | Farm |
| 19:13 | Queue | Villager (Male) |
| 19:27 | Build | House |
| 19:29 | Build | House |
Build order — Teare
87 actions detected in the replay
| 0:01 | Queue | Villager (Male) |
| 0:01 | Queue | Villager (Male) |
| 0:02 | Build | House |
| 0:04 | Build | House |
| 0:34 | Queue | Villager (Male) |
| 0:34 | Queue | Villager (Male) |
| 0:35 | Queue | Villager (Male) |
| 1:29 | Queue | Villager (Male) |
| 2:04 | Queue | Villager (Male) |
| 2:19 | Queue | Villager (Male) |
| 2:47 | Queue | Villager (Male) |
| 3:12 | Queue | Villager (Male) |
| 3:37 | Build | House |
| 3:46 | Queue | Villager (Male) |
| 3:51 | Build | Lumber Camp |
| 4:12 | Queue | Villager (Male) |
| 4:12 | Queue | Villager (Male) |
| 4:40 | Queue | Villager (Male) |
| 4:40 | Queue | Villager (Male) |
| 5:09 | Build | Mill |
| 5:32 | Queue | Villager (Male) |
| 5:56 | Queue | Villager (Male) |
| 6:19 | Queue | Villager (Male) |
| 6:28 | Build | House |
| 6:44 | Queue | Villager (Male) |
| 6:53 | Build | Mining Camp |
| 7:07 | Queue | Villager (Male) |
| 7:36 | Queue | Villager (Male) |
| 7:48 | Research | Feudal Age |
| 7:53 | Queue | Villager (Male) |
| 7:53 | Research | Loom |
| 9:03 | Build | Barracks |
| 10:02 | Queue | Villager (Male) |
| 10:08 | Build | House |
| 10:12 | Age | Feudal Age |
| 10:13 | Research | Double-Bit Axe |
| 10:20 | Build | Archery Range |
| 10:43 | Build | Farm |
| 11:00 | Build | Farm |
| 11:00 | Build | Farm |
| 11:01 | Build | Farm |
| 11:08 | Queue | Archer |
| 11:14 | Build | House |
| 11:20 | Build | House |
| 11:24 | Build | House |
| 11:55 | Queue | Archer |
| 12:19 | Queue | Villager (Male) |
| 12:21 | Queue | Villager (Male) |
| 12:25 | Queue | Villager (Male) |
| 12:33 | Build | Archery Range |
| 12:43 | Queue | Archer |
| 12:48 | Build | House |
| 13:32 | Queue | Archer |
| 13:34 | Build | Farm |
| 13:41 | Queue | Archer |
| 13:41 | Queue | Archer |
| 13:51 | Build | Farm |
| 14:00 | Queue | Villager (Male) |
| 14:02 | Queue | Villager (Male) |
| 14:29 | Build | Farm |
| 14:33 | Build | Farm |
| 14:46 | Build | Farm |
| 14:55 | Build | Watch Tower |
| 15:14 | Build | Farm |
| 15:27 | Queue | Villager (Male) |
| 15:53 | Queue | Villager (Male) |
| 15:55 | Build | Farm |
| 16:18 | Queue | Villager (Male) |
| 16:23 | Build | Farm |
| 16:37 | Build | Blacksmith |
| 16:41 | Queue | Villager (Male) |
| 16:48 | Build | Farm |
| 16:53 | Queue | Archer |
| 17:12 | Research | Castle Age |
| 17:16 | Research | Fletching |
| 17:47 | Build | Lumber Camp |
| 17:53 | Build | House |
| 17:54 | Build | House |
| 17:55 | Build | House |
| 18:09 | Queue | Villager (Male) |
| 18:09 | Queue | Villager (Male) |
| 18:31 | Research | Horse Collar |
| 18:41 | Research | Padded Archer Armor |
| 19:09 | Build | Farm |
| 19:14 | Build | Farm |
| 19:52 | Age | Castle Age |
| 19:57 | Research | Crossbowman (upgrade) |
Match timeline
| 7:33 | andySSJ#7917 · first_building Barracks |
| 9:03 | Teare · first_building Barracks |
| 9:33 | andySSJ#7917 · age_up feudal |
| 10:12 | Teare · age_up feudal |
| 10:20 | Teare · first_building Archery Range |
| 16:21 | andySSJ#7917 · wall_segment Palisade Wall x4 |
| 16:33 | andySSJ#7917 · first_market_buy 100 stone |
| 19:52 | Teare · age_up castle |
| 20:03 | andySSJ#7917 · resign |
[ AI ANALYSIS · 1 CREDIT ]
What really happened in this match?
Wolo.gg analyzes every decision: build order, eco, micro, common mistakes by bracket. Personalized analysis on WhatsApp or Discord in 30 seconds.
Civ guide
Japanese
Perfil
Jugador #21187218